Map: Prion Terraces

Players

ILLBdA - Winner!

  • Race: Protoss Protoss
  • League: Diamond

다패왕

  • Race: Zerg Zerg
  • League: Diamond

VOD

Have the link to the VOD?

Description

Time

  • Played on: Dec. 20, 2015, 8:02 a.m.
  • Length: 6:57
Show
View Real Time Build Order
Export as new Build Order

ILLBdA Protoss - Winner!

Build Orders:  

Get SALT Encoding   

  12  0:01  Probe (Chrono Boost)  
  13  0:11  Probe (Chrono Boost)  
  14  0:19  Pylon  
  14  0:22  Probe (Chrono Boost)  
  15  0:38  Probe (Chrono Boost)  
  15  0:41  Forge  
  16  0:48  Probe (Chrono Boost)  
  17  1:05  Probe (Chrono Boost)  
  18  1:11  Pylon  
  18  1:15  Probe (Chrono Boost)  
  19  1:28  Pylon  
  19  1:31  Pylon  
  19  1:32  Pylon  
  18  1:47  Photon Cannon  
  18  1:50  Photon Cannon  
  18  1:53  Gateway  
  18  2:04  Pylon  
  18  2:05  Probe (Chrono Boost)  
  19  2:16  Probe (Chrono Boost)  
  20  2:23  Photon Cannon  
  20  2:26  Probe (Chrono Boost)  
  20  2:29  Assimilator  
  21  2:30  Assimilator  
  21  2:36  Photon Cannon  
  21  2:41  Cybernetics Core  
  21  2:52  Photon Cannon  
  21  2:56  Photon Cannon  
  21  3:00  Probe (Chrono Boost)  
  22  3:19  Stalker (Chrono Boost)  
  24  3:24  Pylon  
  24  3:28  Gateway  
  24  3:43  Mothership Core  
  24  3:45  Stalker (Chrono Boost)  
  28  3:55  Photon Cannon  
  28  4:12  Stalker (Chrono Boost)  
  32  4:20  Stalker (Chrono Boost)  
  32  4:38  Stalker (Chrono Boost)  
  34  4:41  Pylon  
  34  4:48  Gateway  
  34  4:50  Stalker (Chrono Boost)  
  36  5:04  Stalker (Chrono Boost)  
  38  5:14  Photon Cannon  
  38  5:19  Pylon  
  40  5:33  Stalker x2  
  42  5:39  Stalker  
  44  6:02  Stalker  
  44  6:03  Stalker  
  48  6:09  Stalker  
Show
View Real Time Build Order
Export as new Build Order

다패왕 Zerg 

Build Orders: Hatch First 

Get SALT Encoding   

  12  0:01  Drone  
  13  0:12  Overlord  
  13  0:17  Drone  
  14  0:23  Drone, Extractor  
  15  0:31  Drone  
  15  0:34  Drone  
  17  0:57  Drone  
  17  0:59  Hatchery  
  17  1:01  Drone  
  18  1:19  Spawning Pool  
  17  1:48  Drone x3  
  20  2:07  Zergling x2  
  21  2:15  Spine Crawler  
  19  2:27  Spine Crawler  
  18  2:41  Drone x2  
  18  2:42  Spine Crawler  
  18  2:43  Hatchery  
  18  2:50  Drone x2  
  18  2:51  Drone  
  19  3:10  Drone  
  19  3:12  Drone  
  21  3:29  Drone x3  
  24  3:35  Spawning Pool  
  23  3:46  Drone x2  
  23  3:47  Drone  
  26  3:49  Extractor  
  24  4:25  Drone x3  
  24  4:27  Drone x2  
  24  4:28  Drone  
  24  4:29  Queen  
  32  4:31  Queen  
  32  4:47  Roach Warren  
  32  4:48  Extractor  
  32  4:49  Extractor  
  26  5:01  Drone x3  
  26  5:04  Drone  
  26  5:06  Spine Crawler  
  28  5:07  Drone x2, Spine Crawler  
  23  5:16  Drone  
  22  5:21  Drone  
  23  5:29  Drone x2  
  25  5:36  Roach  
  27  5:47  Spine Crawler, Roach  
  27  5:48  Overlord  
  25  5:54  Roach  
  25  5:56  Overlord  
  27  6:09  Overlord  
  27  6:14  Roach x2  
  29  6:18  Roach  
  29  6:19  Roach x2  
  29  6:24  Roach  
Tags
 
Matchup
PvZ
Replay Pack
me
Add a new tag
Caveats
  • Supply blocks, unpowered buildings, or Contaminate may cause inaccurate times.
  • Supply counts are checked every 10 seconds.